 Dungeon Crawl Stone Soup version 0.31-a0-188-g5e087ee2ca (webtiles) character file.

Game seed: 1871375836854295181

64 qw the Shooter (level 3, -6/20 HPs)
             Began as a Deep Elf Hunter on June 23, 2023.
             Mangled by a gnoll
             ... wielding a +2 whip of pain
              (7 damage)
             ... on level 3 of the Dungeon.
             The game lasted 00:00:34 (1830 turns).

qw the Shooter (Deep Elf Hunter)                    Turns: 1830, Time: 00:00:35

Health: -6/20      AC:  1    Str: 10    XL:     3   Next: 91%
Magic:  0/5        EV: 12    Int: 13    God:
Gold:   105        SH:  0    Dex: 16    Spells: 2/2 levels left

rFire   . . .        Y - +0 shortbow
rCold   . . .        (shield currently unavailable)
rNeg    . . .        c - +0 leather armour
rPois   .            (no helmet)
rElec   .            (no cloak)
rCorr   .            (no gloves)
SInv    .            (no boots)
Will    .....        g - amulet of guardian spirit
Stlth   ++           (no ring)
HPRegen 0.23/turn    (no ring)
MPRegen 0.09/turn

%: guardian spirit
@: no status effects
A: clumsy 1, deformed body, high MP 1
a: no special abilities


You were on level 3 of the Dungeon.
You visited 1 branch of the dungeon, and saw 3 of its levels.

You collected 105 gold pieces.


Innate Abilities, Weirdness & Mutations

You are clumsy. (Dex -2)
Armour fits poorly on your strangely shaped body.
You have an increased reservoir of magic. (+10% MP)


   Skills:
 - Level 1.5 Fighting
 + Level 7.3 Ranged Weapons
 - Level 2.4 Dodging
 - Level 1.2 Stealth


You had 2 spell levels left.
You didn't know any spells.
Your spell library was empty.

Inventory:

Hand Weapons
 Y - a +0 shortbow (weapon)
Armour
 c - a +0 leather armour (worn)
 j - a +0 ring mail
Jewellery
 b - a ring of fire
 g - an amulet of guardian spirit (around neck)
Scrolls
 f - a scroll of amnesia {unknown}
 h - a scroll of identify
 i - 2 scrolls of torment {unknown}
 k - 2 scrolls of vulnerability {unknown}
Potions
 d - a potion of curing
 e - a potion of mutation

Dungeon Overview and Level Annotations

Branches:
Dungeon (3/15)

Altars:
Kikubaaqudgha


Message History

You shoot an arrow. The arrow hits the gnoll.
The gnoll is moderately wounded.
A gnoll comes into view. It is wielding a +2 whip of pain.
The gnoll shoots a sling bullet.
The sling bullet hits you.
You shoot an arrow. The arrow hits the gnoll.
The gnoll is heavily wounded.
The gnoll shoots a sling bullet.
The sling bullet hits you.
You shoot an arrow. The arrow completely misses the gnoll.
A gnoll comes into view. It is wielding a +0 spear.
The gnoll shoots a sling bullet.
The sling bullet barely misses you.
You shoot an arrow. The arrow hits the gnoll.
The gnoll is heavily wounded.
The gnoll shoots a sling bullet.
The sling bullet hits you!
You shoot an arrow. The arrow closely misses the gnoll.
You shoot an arrow. The arrow closely misses the gnoll.
The gnoll hits you with a +2 whip of pain.
The gnoll completely misses you.
1825 ||| DRINKING 2 potions of heal wounds.
You feel much better.
The gnoll hits you from afar with a +0 spear.
You shoot an arrow. The arrow barely misses the gnoll.
The arrow hits the gnoll but does no damage.
The gnoll barely misses you.
The gnoll unwields a +0 sling.
The gnoll wields a +0 flail.
The gnoll misses you.
You shoot an arrow. The arrow barely misses the gnoll.
The gnoll closely misses you. x2; The gnoll hits you with a +0 flail!
You shoot an arrow. The arrow closely misses the gnoll.
The gnoll barely misses you.
The gnoll hits you from afar with a +0 spear.
The gnoll misses you.
1829 ||| DRINKING potion of heal wounds.
You feel much better. The gnoll closely misses you.
The gnoll barely misses you. The gnoll hits you with a +0 flail!
You shoot an arrow. The arrow barely misses the gnoll.
The gnoll hits you with a +2 whip of pain.
The gnoll hits you from afar with a +0 spear.
The gnoll closely misses you.
The gnoll hits you with a +2 whip of pain!
You die...

...#...#..##..##.#######
...#...#..##............
...#...#..######........
...#...#..# #........
...'......# #........
...######.# #.#######
##.# #.# #.# ##.# #.#
#.###.# ##.#
##.####.#@g...#
##.#####.......g....<#
##.............#g###.#
#########)####.#.# # #
#..........
########..##.#.#.#
+.........##.#.#.# ...
###.###...........
...... ##..............
#..#.#


You could see 3 gnolls.

Vanquished Creatures
  2 adders
  4 ball pythons
  2 endoplasms
  5 giant cockroaches
  5 goblins
  4 hobgoblins
  8 bats
  3 frilled lizards
  7 kobolds
  4 rats
44 creatures vanquished.

Notes
Turn   | Place    | Note
-------+----------+-------------------------------------------
     0 | D:1      | qw the Deep Elf Hunter began the quest for the Orb.
     0 | D:1      | Reached XP level 1. HP: 12/12 MP: 3/3
     0 | D:1      | 0 ||| qw: Version: 0.3-a-9-g12657ce
     0 | D:1      | 0 ||| qw: Game counter: 4082
     0 | D:1      | 0 ||| qw: Always use a shield: true
     0 | D:1      | 0 ||| qw: God list: Okawaru
     0 | D:1      | 0 ||| qw: Allow faded altars: false
     0 | D:1      | 0 ||| qw: Do Orc after D:15 true
     0 | D:1      | 0 ||| qw: Do second Lair branch before Depths: true
     0 | D:1      | 0 ||| qw: Lair rune preference: random
     0 | D:1      | 0 ||| qw: Plans: Normal
     0 | D:1      | 0 ||| PLANNING D:1-11
   171 | D:1      | Reached XP level 2. HP: 16/16 MP: 4/4
   174 | D:1      | Reached skill level 6 in Ranged Weapons
   562 | D:1      | 562 ||| UPGRADING to amulet of guardian spirit.
   567 | D:1      | 567 ||| READING scroll labelled JEGRIY GEIQ.
   568 | D:1      | 568 ||| DRINKING 2 bubbling orange potions.
   568 | D:1      | Gained mutation: Armour fits poorly on your strangely
                  | shaped body. [potion of mutation]
   568 | D:1      | Gained mutation: You are clumsy. (Dex -2) [potion of
                  | mutation]
   568 | D:1      | Gained mutation: You have an increased reservoir of magic.
                  | (+10% MP) [potion of mutation]
   569 | D:1      | 569 ||| DROPPING scroll of butterflies.
   849 | D:2      | Found an ancient bone altar of Kikubaaqudgha.
   896 | D:2      | Reached XP level 3. HP: 20/20 MP: 5/5
  1365 | D:2      | Reached skill level 7 in Ranged Weapons
  1426 | D:2      | 1426 ||| READING scroll labelled QEHUSU QIEFU.
  1427 | D:2      | 1427 ||| DRINKING 2 clear potions.
  1428 | D:2      | 1428 ||| DRINKING 2 metallic clear potions.
  1824 | D:3      | HP: 4/20 [gnoll/+2 whip of pain (3)]
  1825 | D:3      | 1825 ||| DRINKING 2 potions of heal wounds.
  1829 | D:3      | 1829 ||| DRINKING potion of heal wounds.
  1830 | D:3      | HP: 1/20 [gnoll/+0 spear (5)]
  1830 | D:3      | Mangled by a gnoll

Levels and vault maps discovered:
D:1:      dpeg_arrival_pits, layout_basic
D:2:      layout_loops_corners, basic_altar
D:3:      layout_basic

Skill      XL: |  1  2  3 |
---------------+----------+-----
Ranged Weapons | 6 7 |  7.3
Fighting       | |  1.5
Dodging        | |  2.4
Stealth        | |  1.2

Action                     || total
---------------------------++-------
   Fire: Shortbow          ||   118
    Use: Potion            ||     5
         Scroll            ||     2
 Armour: Leather armour    ||     7
  Dodge: Dodged            ||    32

Table legend:
 A = Non-vault XP
 B = Vault XP
 C = Vault XP percentage of total XP
 D = Non-vault monster count
 E = Vault monster count
 F = Vault count percentage of total count
                 A         B        C        D         E       F
            +---------+---------+-------+---------+---------+-------
      Total |      92 |       0 |   0.0 |      44 |       0 |   0.0
            +---------+---------+-------+---------+---------+-------
        D:1 |      32 |       0 |   0.0 |      20 |       0 |   0.0
        D:2 |      33 |       0 |   0.0 |      14 |       0 |   0.0
        D:3 |      27 |       0 |   0.0 |      10 |       0 |   0.0
            +---------+---------+-------+---------+---------+-------
